 Dungeon Crawl Stone Soup version 0.27.1-1-g398f81649c (webtiles) character file.

Game seed: 12209887478799380257

3602 Metae the Protected (level 9, -4/86 HPs)
             Began as a Minotaur Fighter on Sept 7, 2021.
             Was a Follower of Makhleb.
             Slain by Harold (8 damage)
             ... on level 7 of the Dungeon.
             The game lasted 00:19:26 (6377 turns).

Metae the Protected (Minotaur Fighter)              Turns: 6377, Time: 00:19:26

Health: -4/86      AC: 14    Str: 23    XL:     9   Next: 86%
Magic:  8/8        EV:  8    Int:  5    God:    Makhleb [*.....]
Gold:   417        SH: 11    Dex: 11    Spells: 8/8 levels left

rFire    + . .     SeeInvis .   D - +2 whip (drain)
rCold    x . .     Faith    .   c - +0 kite shield
rNeg     . . .     Spirit   .   b - +0 scale mail
rPois    .         Reflect  .   (helmet restricted)
rElec    .         Harm     .   (no cloak)
rCorr    .         Rampage  .   h - +0 pair of gloves
Will     .....                  (no boots)
Stlth    ..........             (no amulet)
HPRegen  0.24/turn              w - +4 ring of protection
MPRegen  0.11/turn              E - ring of fire

@: mighty, about to teleport, marked
A: horns 2, retaliatory headbutt
a: Renounce Religion


You were on level 7 of the Dungeon.
You worshipped Makhleb.
Makhleb was aware of your devotion.
You visited 2 branches of the dungeon, and saw 8 of its levels.

You collected 417 gold pieces.

Inventory:

Hand Weapons
 a - a +0 war axe
 e - a +2 spear of venom
 C - a +0 falchion
 D - a +2 whip of draining (weapon)
Armour
 b - a +0 scale mail (worn)
 c - a +0 kite shield (worn)
 h - a +0 pair of gloves (worn)
Magical Staves
 q - a staff of air
Jewellery
 w - a +4 ring of protection (left hand)
 E - a ring of fire (right hand)
Wands
 r - a wand of paralysis (2)
 A - a wand of polymorph (6)
Scrolls
 f - a scroll of noise
 m - a scroll of vulnerability {unknown}
 n - 2 scrolls of enchant weapon {unknown}
 o - a scroll of enchant armour {unknown}
 s - 3 scrolls of silence
 t - a scroll of amnesia {unknown}
 v - a scroll of torment {unknown}
 x - a scroll of magic mapping {unknown}
 y - a scroll of holy word {unknown}
 B - a scroll of identify
Potions
 d - a potion of magic {unknown}
 g - a potion of curing {unknown}
 i - a potion of berserk rage {unknown}
 k - 2 potions of lignification
 p - 2 potions of flight {unknown}
 u - a potion of degeneration {unknown}
 z - a potion of might
 G - a potion of invisibility {unknown}


   Skills:
 * Level 10.4 Fighting
 - Level 2.5(5.0) Axes
 + Level 0.9(1.8) Maces & Flails
 - Level 6.6(6.8) Polearms
 * Level 10.4 Armour
 + Level 7.7 Shields


You had 8 spell levels left.
You didn't know any spells.
Your spell library contained the following spells:

 Spells                   Type           Power      Damage    Failure   Level
 Sting                    Tmut/Pois      0%         1d3       96%         1
 Poisonous Vapours        Pois/Air       0%         N/A       99%         2
 Olgreb's Toxic Radiance  Pois           0%         N/A       100%        4


Dungeon Overview and Level Annotations

Branches:
Dungeon (7/15)             Temple (1/1) D:6

Altars:
Dithmenos
Elyvilon
Fedhas
Gozag
Hepliaklqana
Makhleb
Nemelex Xobeh
Uskayaw
Xom
Zin
The Shining One

Shops:
D:3 (

Annotations:
D:7 Harold


Innate Abilities, Weirdness & Mutations

You have a pair of horns on your head.
You reflexively headbutt those who attack you in melee.


Message History

Harold is heavily wounded.
You block Harold's attack. Harold barely misses you.
You barely miss Harold.
Harold is heavily wounded.
Harold points at you and mumbles some strange words.
The mark upon you grows brighter. Harold fires a harpoon shot at you.
The harpoon shot hits you!
* * * LOW HITPOINT WARNING * * *
You are yanked forward by the harpoon shot.
You feel much better.
Harold points at you and mumbles some strange words.
The mark upon you grows brighter.
You hit Harold.
Harold is heavily wounded.
You block Harold's attack.
You closely miss Harold. You headbutt Harold!
Harold is severely wounded.
Harold hits you with a +0 battleaxe!
You hit Harold but do no damage.
Harold is severely wounded.
You block Harold's attack.
You hit Harold but do no damage.
Harold is severely wounded.
You block Harold's attack.
Harold throws a throwing net.
The throwing net hits you.
You become entangled in the net!
You see here a throwing net.
You tear a large gash into the net.
You feel much better. Harold hits you with a +0 battleaxe!
You feel very mighty all of a sudden. Harold hits you with a +0 battleaxe!
* * * LOW HITPOINT WARNING * * *
You struggle against the net.
Harold hits you but does no damage.
You rip the net and break free!
Harold hits you with a +0 battleaxe!
* * * LOW HITPOINT WARNING * * *
Okay, then.
As you read the scroll of teleportation, it crumbles to dust.
You feel strangely unstable. Harold hits you with a +0 battleaxe!
You die...

...........#.......#.###
...............#........
.....####...##(.........
......# #....#.#........
....... ................
....... ...>...........
...... #..............
...... #......@...#
##.... #......@...# ....
..##.......# # ##....
...........##.# .....#
...........'..# .....#
...........#### .....#
....######.#.# .....#
...#######...# ...###
......#.....#.#
...#####......#+###.#.##


You could see Harold (drained).

Vanquished Creatures
  Joseph (D:7)
  A centaur zombie (D:6)
  A troll (D:5)
  Prince Ribbit (D:7)
  Sigmund (D:2)
  A wyvern (D:5)
  2 water moccasins
  3 black bears
  2 ice beasts
  A necrophage (D:6)
  2 ogres
  A centaur (D:5)
  A phantom (D:5)
  A kobold brigand (D:6)
  A bullfrog (D:7)
  A gnoll sergeant (D:7)
  A scorpion (D:5)
  A water moccasin zombie (D:5)
  A water moccasin skeleton (D:5)
  4 hounds
  2 centaur skeletons (D:7)
  A jelly (D:6)
  4 orc priests
  A bullfrog skeleton (D:5)
  5 iguanas
  6 orc wizards
  A killer bee zombie (D:4)
  5 gnolls (D:7)
  5 adders
  A shadow imp (D:5)
  A white imp (D:6)
  2 worms
  A dart slug (D:1)
  25 orcs
  8 ball pythons
  2 bats (D:3)
  4 endoplasms
  7 goblins
  4 hobgoblins
  8 jackals
  4 quokkas
  A ball python skeleton (D:2)
  6 frilled lizards
  A giant cockroach zombie (D:2)
  10 kobolds
  A quokka skeleton (D:2)
  3 rats (D:1)
147 creatures vanquished.

Vanquished Creatures (others)
  A withered plant (D:2)
1 creature vanquished.

Grand Total: 148 creatures vanquished

Notes
Turn   | Place    | Note
-------+----------+-------------------------------------------
     0 | D:1      | Metae the Minotaur Fighter began the quest for the Orb.
     0 | D:1      | Reached XP level 1. HP: 19/19 MP: 0/0
   210 | D:1      | Reached XP level 2. HP: 27/27 MP: 1/1
  1021 | D:2      | Found a faded altar of an unknown god.
  1022 | D:2      | Noticed Sigmund
  1025 | D:2      | Killed Sigmund
  1026 | D:2      | Reached skill level 5 in Fighting
  1026 | D:2      | Reached skill level 5 in Armour
  1026 | D:2      | Reached XP level 3. HP: 36/36 MP: 2/2
  1026 | D:2      | Reached XP level 4. HP: 42/42 MP: 3/3
  1026 | D:2      | Reached XP level 5. HP: 48/48 MP: 4/4
  1702 | D:3      | Found Wefauts's Weapon Emporium.
  1754 | D:3      | Reached XP level 6. HP: 50/56 MP: 5/5
  1851 | D:3      | Found a hazy altar of Hepliaklqana.
  2197 | D:3      | Found a sparkling altar of Nemelex Xobeh.
  2608 | D:4      | Reached skill level 5 in Shields
  2929 | D:4      | Reached XP level 7. HP: 55/63 MP: 6/6
  3461 | D:5      | Entered Level 5 of the Dungeon
  3732 | D:5      | Reached XP level 8. HP: 65/73 MP: 7/7
  4056 | D:5      | Noticed a troll
  4092 | D:5      | Killed a troll
  4093 | D:5      | Reached skill level 5 in Polearms
  4917 | D:6      | Reached XP level 9. HP: 81/83 MP: 8/8
  5258 | D:6      | Found a white marble altar of Elyvilon.
  5468 | D:6      | Found a staircase to the Ecumenical Temple.
  5475 | Temple   | Entered the Ecumenical Temple
  5507 | Temple   | Became a worshipper of Makhleb the Destroyer
  5574 | D:7      | Noticed Prince Ribbit
  5574 | D:7      | Noticed Joseph
  5597 | D:7      | Killed Joseph
  5611 | D:7      | Reached skill level 10 in Fighting
  5611 | D:7      | Reached skill level 10 in Armour
  5614 | D:7      | Killed Prince Ribbit
  6055 | D:7      | Reached * piety under Makhleb
  6078 | D:7      | Noticed Harold
  6376 | D:7      | HP: 4/86 [Harold (16)]
  6377 | D:7      | Slain by Harold

Illustrated notes

Levels and vault maps discovered:
D:1:      amcnicky_arrival_abandoned_market, layout_basic, st_stairs_3
D:2:      layout_loops_ring, serial_undead, serial_undead_c, serial_undead_d,
          serial_undead_d, serial_undead_c, ebering_ecumenical_altar_mist,
          uniq_sigmund
D:3:      layout_loops_ring, mainiacjoe_overflow_surrounded_room,
          nemelex_diamond_rough_becter, serial_shops, shop, kennysheep_donut,
          minivault_11
D:4:      layout_loops_ring, serial_rivers, chequers_serial_rivers_room_b,
          chequers_serial_rivers_large_a, chequers_serial_rivers_small_a,
          chequers_serial_rivers_micro_d, chequers_serial_rivers_room_b,
          chequers_serial_rivers_micro_e
D:5:      minmay_chambers_of_fours, layout_basic, corexii_shack,
          kennysheep_generic_room_6
D:6:      layout_cave_pools, elyvilon_altar_5, minmay_temple_entry_proselytizer
D:7:      layout_basic, st_stairs_12, lemuel_flamethrower_1,
          uniq_crazy_yiuf_cottage, uniq_prince_ribbit1, uniq_harold, uniq_joseph
Temple:   nicolae_temple_hex_pool

Skill      XL: |  1  2  3  4  5  6  7  8  9 |
---------------+----------------------------+-----
Armour         | 5 6 7 9 10 | 10.4
Fighting       | 5 6 7 9 10 | 10.4
Polearms       | 2 3 4 5 6 |  6.6
Shields        | 4 5 6 7 |  7.7
Axes           | |  2.5
Maces & Flails | |  0.9

Action                   |  1- 3 |  4- 6 |  7- 9 || total
-------------------------+-------+-------+-------++-------
Melee: War axe           |     5 |       |       ||     5
       Spear             |    30 |    90 |   286 ||   406
       Headbutt          |     4 |    13 |    70 ||    87
       Whip              |       |       |    32 ||    32
Throw: Throwing net      |       |       |     1 ||     1
  Use: Potion            |     1 |       |     6 ||     7
       Scroll            |       |     4 |     5 ||     9
Armor: Scale mail        |    10 |    24 |   149 ||   183
Dodge: Dodged            |     6 |    11 |   102 ||   119
Block: Kite shield       |     9 |    21 |   192 ||   222
